 Seeded DCSS version 0.28-a0-1567-g1695149f81 (webtiles) character file.

Game seed: 767 (custom seed)

104 knot the Chopper (level 4, -1/33 (35) HPs)
             Began as a Demonspawn Berserker on Jan 20, 2022.
             Was a Believer of Trog.
             Slain by an orc (2 damage)
             ... on level 3 of the Dungeon.
             The game lasted 00:03:03 (2976 turns).

knot the Chopper (Demonspawn Berserker)             Turns: 2976, Time: 00:03:04

HP:   -1/33 (35)    AC:  8    Str: 17    XL:     4   Next: 52%
MP:   4/4           EV: 11    Int: 11    God:    Trog [**....]
Gold: 89            SH:  0    Dex: 12    Spells: 3/3 levels left

rFire   . . .      SeeInvis .   a - +0 hand axe
rCold   . . .      Faith    .   k - +2 buckler
rNeg    . . .      Spirit   .   h - +3 ring mail
rPois   .          Reflect  .   (helmet restricted)
rElec   .          Harm     .   (no cloak)
rCorr   .          Rampage  .   (no gloves)
Will    .....                   (no boots)
Stlth   +.........              (no amulet)
HPRegen 0.11/turn               (no ring)
MPRegen 0.09/turn               (no ring)

@: confused, on berserk cooldown, attractive, slowed, drained, very slow
A: antennae 1, sturdy frame 2
a: Renounce Religion, Berserk, Trog's Hand


You were on level 3 of the Dungeon.
You worshipped Trog.
Trog was pleased with you.
You visited 1 branch of the dungeon, and saw 3 of its levels.

You collected 89 gold pieces.

Inventory:

Hand Weapons
 a - a +0 hand axe (weapon)
Missiles
 e - 30 sling bullets
 f - 18 stones (quivered)
Armour
 h - a +3 ring mail (worn)
 k - a +2 buckler (worn)
Jewellery
 b - a ring of poison resistance
 j - a ring of fire
Scrolls
 d - a scroll of identify {unknown}
 g - 2 scrolls of enchant armour {unknown}
 i - a scroll of torment {unknown}
 l - a scroll of teleportation {unknown}


   Skills:
 - Level 3.0 Fighting
 + Level 4.9 Axes
 - Level 1.7 Armour
 - Level 1.7 Dodging


You had 3 spell levels left.
You didn't know any spells.
Your spell library contained the following spells:

 Spells                   Type           Power      Damage    Failure   Level
 Portal Projectile        Hex/Tloc       0%         N/A       85%         3
 Blade Hands              Tmut           0%         N/A       100%        5
 Excruciating Wounds      Necr           0%         N/A       100%        5


Dungeon Overview and Level Annotations

Branches:
Dungeon (3/15)

Altars:
Xom


Innate Abilities, Weirdness & Mutations

You have a pair of small antennae on your head.
Your movements are less encumbered by armour. (ER -4)


Message History

You miss something.
You hear some strange, mumbled words.
A puff of flame appears from out of thin air!
The puff of flame hits you. Something hits you but does no damage.
You completely miss something. Something hits you.
* * * LOW HITPOINT WARNING * * *
Something hits you but does no damage.
You bump into the rock wall.
Something hits you but does no damage.
You closely miss something. Something barely misses you.
You hear some strange, mumbled words.
A magic dart appears from out of thin air!
The magic dart hits you.
* * * LOW HITPOINT WARNING * * *
You miss something. Something hits you.
* * * LOW HITPOINT WARNING * * *
Something hits you but does no damage.
You barely miss something.
You hear some strange, mumbled words.
You are more confused.
You are too confused!
Unknown command.
It was a potion of attraction.
You feel attractive to monsters. Something hits you but does no damage.
You hear some strange, mumbled words.
You are more confused.
The orc is attracted toward you.
An orc wizard appears from thin air!
Reactivating autopickup.
The orc wizard gestures wildly while chanting.
The orc wizard flickers and vanishes!
Deactivating autopickup; reactivate with Ctrl-A.
The orc is attracted toward you.
You hear some strange, mumbled words.
A magic dart appears from out of thin air!
The magic dart hits you but does no damage.
The orc hits you with a +2 flail of draining!
* * * LOW HITPOINT WARNING * * *
You feel drained.
You die...

.#..... ..#..# ....#
... #.# #)# #.#
#.#####o#############
#.....{.@...........#
###################.#
.........#.#
########.#.#
..........#
#######.### #.# #.#
#.#


You could see an orc.

Vanquished Creatures
  Natasha (D:2)
  An adder (D:2)
  3 worms (D:2)
  2 dart slugs (D:2)
  An orc (D:3)
  3 endoplasms
  3 giant cockroaches (D:1)
  6 goblins
  8 hobgoblins
  3 quokkas
  3 ball pythons
  5 bats (D:1)
  6 frilled lizards
  4 kobolds
  9 rats
58 creatures vanquished.

Notes
Turn   | Place    | Note
-------+----------+-------------------------------------------
     0 | D:1      | knot the Demonspawn Berserker began the quest for the Orb.
     0 | D:1      | Reached XP level 1. HP: 18/18 MP: 1/1
   104 | D:1      | Reached skill level 3 in Axes
   185 | D:1      | Gained mutation: Your movements are slightly less
                  | encumbered by armour. (ER -2) [demonic ancestry]
   185 | D:1      | Reached XP level 2. HP: 8/24 MP: 2/2
   993 | D:1      | Reached ** piety under Trog
  1131 | D:1      | Gained mutation: You have a pair of small antennae on your
                  | head. [demonic ancestry]
  1131 | D:1      | Reached XP level 3. HP: 29/29 MP: 3/3
  1439 | D:1      | Found a faded altar of an unknown god.
  1688 | D:2      | Reached skill level 4 in Axes
  2380 | D:2      | Noticed Natasha
  2389 | D:2      | Killed Natasha
  2390 | D:2      | Gained mutation: Your movements are less encumbered by
                  | armour. (ER -4) [demonic ancestry]
  2390 | D:2      | Reached XP level 4. HP: 31/35 MP: 4/4
  2832 | D:2      | Found a shimmering altar of Xom.
  2976 | D:3      | HP: 1/35 [orc (7)]
  2976 | D:3      | Slain by an orc

Illustrated notes

Levels and vault maps discovered:
D:1:      onia_arrival_handbag, layout_loops_ring,
          nicolae_ecumenical_lake_church
D:2:      layout_rooms, basic_altar, st_stairs_1, uniq_natasha
D:3:      layout_basic, nicolae_vehumet_radiance, uniq_jessica

Skill      XL: |  1  2  3 |
---------------+----------+-----
Axes           | 3 4 |  4.9
Fighting       | |  3.0
Armour         | |  1.7
Dodging        | |  1.7

Action                   |  1- 3 |  4- 6 || total
-------------------------+-------+-------++-------
Melee: Hand axe          |   152 |    53 ||   205
       Punch             |     2 |       ||     2
Invok: Berserk           |     3 |     1 ||     4
  Use: Potion            |       |     1 ||     1
 Stab: Sleeping          |     2 |       ||     2
       Distracted        |     1 |       ||     1
Armor: Animal skin       |    17 |       ||    17
       Ring mail         |    16 |    24 ||    40
Dodge: Dodged            |   106 |    21 ||   127
Block: Buckler           |       |     5 ||     5

Table legend: (Time is in decaauts)
 A = Elapsed time spent in this place.
 B = Non-inter-level travel time spent in this place.
 C = Inter-level travel time spent in this place.
 D = Time resting spent in this place.
 E = Time spent auto-exploring this place.
 F = Levels seen in this place.
 G = Mean time per level.
                   A        B        C        D        E       F      G
               +--------+--------+--------+--------+--------+-----+--------+
         Total |   3040 |   2956 |     84 |   1066 |   1458 |   3 | 1013.3 |
       Dungeon |   3040 |   2956 |     84 |   1066 |   1458 |   3 | 1013.3 |
               +--------+--------+--------+--------+--------+-----+--------+

Top non-repeatable levels by time:
     D:1: 1704 daAuts
     D:2: 1248 daAuts
     D:3: 88 daAuts
